 Dungeon Crawl Stone Soup version 0.19.4 (webtiles) character file.

8159 Jerry the Grappler (level 11, 0/109 HPs)
             Began as a Troll Monk on Jan 30, 2017.
             Slain by Urug
             ... wielding a +5 double sword
              (13 damage)
             ... on level 10 of the Dungeon.
             The game lasted 00:25:41 (8354 turns).

Jerry the Grappler (Troll Monk)                     Turns: 8354, Time: 00:25:41

Health: 0/109      AC:  9    Str: 21    XL:     11   Next: 6%
Magic:  8/8        EV: 14    Int:  6    God:
Gold:   316        SH:  0    Dex: 15    Spells: 1 memorised, 9 levels left

rFire  + + .     SeeInvis .       - Unarmed
rCold  . . .     Gourm    +     v - +1 troll leather armour
rNeg   . . .     Faith    .     (no shield)
rPois  .         Spirit   .     (helmet restricted)
rElec  .         Reflect  .     x - +0 cloak
rCorr  .         Harm     .     (gloves unavailable)
MR     .....                    (boots unavailable)
Stlth  +.........               t - amulet of rage
                                O - ring of protection from fire
                                i - ring of protection from fire

@: no status effects
A: unfitting armour, claws 3, hooves 2, fast metabolism 3, gourmand, low mp 1,
regeneration 1, shaggy fur 1, tough skin 2, evolution 1, subdued magic 1,
MP-powered wands
a: Evoke Berserk Rage


You were on level 10 of the Dungeon.
You were very full.

You visited 2 branches of the dungeon, and saw 12 of its levels.
You also visited: Ossuary.

You collected 499 gold pieces.
You spent 183 gold pieces at shops.

Inventory:

Armour
 v - a +1 troll leather armour (worn)
 x - a +0 cloak (worn)
Jewellery
 i - a ring of protection from fire (left claw)
 t - an amulet of rage (around neck)
 O - a ring of protection from fire (right claw)
Wands
 l - a wand of slowing (17/48)
 F - a wand of confusion (48/48)
Scrolls
 a - a scroll of identify
 c - 5 scrolls of immolation
 d - a scroll of recharging
 f - 5 scrolls of teleportation
 q - 2 scrolls of fog
 u - 4 scrolls of remove curse
 z - a scroll of fear
 A - 2 scrolls of amnesia
 B - 2 scrolls of noise
 E - a scroll of enchant weapon
Potions
 e - 3 potions of ambrosia
 h - 2 potions of agility
 k - 5 potions of flight
 m - 9 potions of curing
 n - 7 potions of heal wounds
 o - 3 potions of berserk rage
 p - 2 potions of might
 r - a potion of beneficial mutation {unknown}
 s - 2 potions of magic {unknown}
 w - 2 potions of mutation {unknown}
 C - 4 potions of brilliance {unknown}
 I - 2 potions of lignification {unknown}
 J - a potion of resistance {unknown}
 L - a potion of experience {unknown}
 N - a potion of haste {unknown}
Books
 D - a book of Misfortune

   Spells                             Type                      Level
   a - Confusing Touch                Hexes                        1
   b - Confuse                        Hexes                        3
   c - Gell's Gravitas                Hexes/Translocation          3
   d - Petrify                        Transmutation/Earth          4
   e - Metabolic Englaciation         Hexes/Ice                    5
   f - Yara's Violent Unravelling     Hexes/Transmutation          5
 G - a book of Geomancy

   Spells                             Type                      Level
   a - Sandblast                      Earth                        1
   b - Passwall                       Transmutation/Earth          2
   c - Stone Arrow                    Conjuration/Earth            3
   d - Petrify                        Transmutation/Earth          4
   e - Lee's Rapid Deconstruction     Earth                        5
 K - a book of Ice

   Spells                             Type                      Level
   a - Ice Form                       Ice/Transmutation            4
   b - Metabolic Englaciation         Hexes/Ice                    5
   c - Ozocubu's Refrigeration        Ice                          6
   d - Bolt of Cold                   Conjuration/Ice              6
   e - Freezing Cloud                 Conjuration/Ice/Air          6
   f - Simulacrum                     Ice/Necromancy               6
Comestibles
 b - 9 bread rations
 g - 3 meat rations
 j - 2 royal jellies
 H - 7 beef jerkies
 M - 5 fruits


   Skills:
 - Level 7.0 Fighting
 + Level 3.5 Armour
 + Level 7.7 Dodging
 - Level 1.0 Stealth
 + Level 12.0 Unarmed Combat


You had 9 spell levels left.
You knew the following spells:

 Your Spells              Type           Power        Failure   Level  Hunger
a - Confusing Touch       Hex            #.....       56%         1    ##.....


Dungeon Overview and Level Annotations

Branches:
Dungeon (11/15)            Temple (1/1) D:5
   Lair: D:8-11         Orc: D:9-12

Altars:
Ashenzari
Cheibriados
Dithmenos
Elyvilon
Fedhas
Gozag
Hepliaklqana
Kikubaaqudgha
Makhleb
Nemelex Xobeh
Okawaru
Qazlal
Ru
Sif Muna
Trog
Uskayaw
Vehumet
Xom
Yredelemnul
Zin
The Shining One

Shops:
D:4 =*   D:5 !

Annotations:
D:10 Urug


Innate Abilities, Weirdness & Mutations

You are too large for most types of armour.
You have claws for hands.
Your metabolism is lightning-fast.
You like to eat raw meat.
Your natural rate of healing is unusually fast.
You are covered in fur. (AC +1)
You have very tough skin. (AC +2)
You have hoof-like feet.
Your magical capacity is low. (-10% MP)
You evolve.
Your spells are a little easier to cast, but a little less powerful.
You expend magic power (3 MP) to strengthen your wands.


Message History

Something hits you!!
You completely miss something. You kick something. The orc priest misses you.
You mangle the orc priest!!
You kill the orc priest!
Something hits you!!!
* * * LOW HITPOINT WARNING * * *
The hornet zombie hits you.
* * * LOW HITPOINT WARNING * * *
There is a stone staircase leading up, spattered with blood here.
You see here 4 arrows.
Urug appears from thin air!
Reactivating autopickup.
The hornet zombie misses you.
Urug hits you with an enchanted double sword!
* * * LOW HITPOINT WARNING * * *
You climb upwards.
There is a stone staircase leading down here.
You fail to use your ability.
Urug hits you with an enchanted double sword!
You die...

#+#####..#.....#########รท## #...
......#..#.....#...#......# #.##
......#..'.....#...#.....#####...
......#..#.....#...#.....#....#..
......'..#)....#...#.....'....#..
......#..#.....#...#.....#....#..
......####.....#'#########....#.#
###.............o............##.#
..#.............@............#...
..#..........................+...
..#..........................#..#
..#..........................####
..#................#####.........
.##................#...'.........
..######....#####'##...#.........
.......#....#.....######.########
.......#....#.....#......#...#...


You could see Urug.

Vanquished Creatures
  The ghost of sheala the Thaumaturge, a journeyman DECj of Vehumet (D:11)
  Pikel (D:4)
  A centaur skeleton (D:10)
  2 trolls
  A hippogriff (D:7)
  A wraith (D:10)
  A hill giant zombie (D:11)
  A wyvern (D:11)
  A hungry ghost (D:9)
  Grum (D:10)
  An orc warrior (D:9)
  4 sky beasts
  5 phantoms
  4 ice beasts
  9 ogres
  7 wolves
  7 centaurs
  8 bullfrogs
  A wyvern skeleton (D:7)
  5 scorpions
  A troll zombie (D:11)
  2 electric eels
  3 howler monkeys (D:9)
  4 crimson imps
  3 centaur zombies
  9 hounds
  A human zombie (Ossuary)
  2 jellies
  A gnoll shaman (D:7)
  6 orc priests
  2 bullfrog skeletons
  An iguana (D:4)
  5 orc wizards
  9 worker ants
  An ogre zombie (D:11)
  A hound zombie (D:8)
  2 hound skeletons
  3 mummies (Ossuary)
  A howler monkey zombie (D:7)
  11 gnolls
  A howler monkey skeleton (D:7)
  8 adders
  4 shadow imps
  An ooze (D:2)
  2 adder zombies (D:9)
  2 adder skeletons
  A worm (D:1)
  The ghost of neroid the Skirmisher, a weakling HuWn (D:3)
  2 dart slugs
  5 leopard geckos
  29 orcs
  6 ball pythons
  7 bats
  4 giant cockroaches
  6 goblins
  10 hobgoblins
  10 jackals
  4 quokkas
  6 frilled lizards
  A giant cockroach zombie (D:5)
  4 goblin zombies
  3 hobgoblin zombies
  10 kobolds
  A kobold zombie (Ossuary)
  An orc skeleton (D:11)
  6 orc zombies
  A quokka skeleton (D:4)
  7 rats
273 creatures vanquished.

Vanquished Creatures (others)
  The ghost of cba the Sneak, an amateur OpAs of Okawaru (D:4)
  A slave (D:4)
  An orc (D:4)
  A jackal (D:11)
  2 fulminant prisms (D:11)
6 creatures vanquished.

Grand Total: 279 creatures vanquished

Notes
Turn   | Place    | Note
-------+----------+-------------------------------------------
     0 | D:1      | Jerry the Troll Monk began the quest for the Orb.
     0 | D:1      | Reached XP level 1. HP: 22/22 MP: 0/0
   207 | D:1      | Reached XP level 2. HP: 26/29 MP: 1/1
   491 | D:1      | Reached XP level 3. HP: 36/36 MP: 2/2
   603 | D:1      | Reached skill level 4 in Unarmed Combat
  1040 | D:2      | Found a sparkling altar of Nemelex Xobeh.
  1078 | D:2      | Reached XP level 4. HP: 25/44 MP: 3/3
  1384 | D:3      | Noticed neroid's ghost (weakling HuWn)
  1465 | D:3      | Killed neroid's ghost
  1495 | D:3      | Reached XP level 5. HP: 25/53 MP: 4/4
  1618 | D:3      | Found an opulent altar of Gozag.
  1683 | D:3      | Noticed an ogre
  1689 | D:3      | Killed an ogre
  1689 | D:3      | Reached skill level 5 in Unarmed Combat
  2004 | D:3      | Reached XP level 6. HP: 61/61 MP: 5/5
  2096 | D:4      | Found Evi Afrum's Assorted Antiques.
  2098 | D:4      | Bought a fizzy inky potion for 19 gold pieces
  2098 | D:4      | Bought a scroll labeled SIOTHUOTIC for 22 gold pieces
  2098 | D:4      | Bought a scroll of identify for 44 gold pieces
  2464 | D:4      | Reached skill level 6 in Unarmed Combat
  2669 | D:4      | Noticed a slave
  2669 | D:4      | Noticed a slave
  2670 | D:4      | Noticed Pikel
  2671 | D:4      | Noticed a slave
  2671 | D:4      | Noticed a slave
  2691 | D:4      | Killed Pikel
  2691 | D:4      | Reached skill level 7 in Unarmed Combat
  2691 | D:4      | Reached XP level 7. HP: 71/71 MP: 6/6
  2999 | D:4      | Killed cba's ghost
  3126 | D:4      | Reached XP level 8. HP: 42/79 MP: 7/7
  3208 | D:4      | Found Duti's Jewellery Shoppe.
  3284 | D:5      | Entered Level 5 of the Dungeon
  3509 | D:4      | Gained mutation: Your magical capacity is low. (-10% MP) [mutagenic meat]
  3510 | D:4      | Gained mutation: You are robust. (+10% HP) [mutagenic meat]
  3511 | D:4      | Gained mutation: Your spells are a little easier to cast, but a little less powerful. [mutagenic meat]
  3512 | D:4      | Lost mutation: You are robust. (+10% HP) [mutagenic meat]
  3513 | D:4      | Gained mutation: You expend magic power (3 MP) to strengthen your wands. [mutagenic meat]
  3514 | D:4      | Gained mutation: You evolve. [mutagenic meat]
  3576 | D:5      | Reached skill level 5 in Fighting
  3716 | D:5      | Reached skill level 8 in Unarmed Combat
  3796 | D:5      | Found a staircase to the Ecumenical Temple.
  3813 | Temple   | Entered the Ecumenical Temple
  4023 | D:5      | Found a bloodstained altar of Trog.
  4043 | D:5      | Found Tiumasyt's Distillery.
  4057 | D:5      | Bought a potion of agility for 56 gold pieces
  4057 | D:5      | Bought a potion of curing for 42 gold pieces
  4504 | D:6      | Reached skill level 5 in Dodging
  4728 | D:6      | Reached skill level 9 in Unarmed Combat
  4834 | D:7      | Noticed a hippogriff
  4842 | D:7      | Killed a hippogriff
  4842 | D:7      | Reached XP level 9. HP: 88/88 MP: 7/7
  5079 | D:7      | Learned a level 1 spell: Confusing Touch
  5531 | D:8      | Reached skill level 10 in Unarmed Combat
  5566 | D:8      | Found a sand-covered staircase.
  5603 | Ossuary  | Entered an ossuary
  6128 | D:8      | Found a basalt altar of Yredelemnul.
  6130 | D:8      | Noticed a profane servitor
  6142 | D:8      | Found a glowing golden altar of the Shining One.
  6422 | D:9      | Reached XP level 10. HP: 92/100 MP: 8/8
  6735 | D:9      | Gained mutation: You have large cloven feet. [mutagenic meat]
  6750 | D:9      | Reached skill level 11 in Unarmed Combat
  7091 | D:10     | Entered Level 10 of the Dungeon
  7599 | D:10     | Noticed Grum
  7608 | D:10     | Reached skill level 1 in Armour
  7617 | D:10     | Killed Grum
  7632 | D:10     | Gained mutation: You have hoof-like feet. [evolution]
  8124 | D:11     | Noticed sheala's ghost (journeyman DECj)
  8162 | D:11     | Killed sheala's ghost
  8276 | D:11     | Reached XP level 11. HP: 101/109 MP: 8/8
  8311 | D:11     | Reached skill level 12 in Unarmed Combat
  8318 | D:11     | Noticed Urug
  8354 | D:10     | Slain by Urug

Skill      XL: |  1  2  3  4  5  6  7  8  9 10 11 |
---------------+----------------------------------+-----
Unarmed Combat | 4 5 7 9 10 11 12 | 12.0
Fighting       | 3 4 5 6 7 |  7.0
Dodging        | 3 4 5 6 7 |  7.7
Armour         | 3 |  3.5
Stealth        | |  1.0

Action                   |  1- 3 |  4- 6 |  7- 9 | 10-12 || total
-------------------------+-------+-------+-------+-------++-------
Melee: Unarmed           |   128 |   160 |   299 |   233 ||   820
       Punch             |     2 |     2 |    15 |    16 ||    35
       Kick              |       |       |       |    64 ||    64
 Abil: Evoke Berserk Rag |       |     2 |     4 |     4 ||    10
  Use: Potion            |     1 |       |       |       ||     1
       Scroll            |       |     8 |    14 |     3 ||    25
 Stab: Sleeping          |     6 |     6 |     2 |     1 ||    15
       Distracted        |       |       |       |     1 ||     1
  Eat: Chunk             |    15 |    16 |    45 |    25 ||   101
Armor: Robe              |    48 |    34 |    52 |     6 ||   140
       Troll leather arm |       |       |       |    53 ||    53
Dodge: Dodged            |    85 |    76 |   154 |   140 ||   455
